ITL
ALLENTOWN HILLBILLIES @ TRENTON STARS
08/15/2028
 
TOP OF THE 1ST
Allentown Hillbillies batting - Pitching for Trenton Stars : RHP Juan Vázquez
Pitching: RHP Juan Vázquez
Batting: LHB António Salazar 0-0: Ball
1-0: Foul Ball, location: 2F
1-1: Bunted foul
1-2: Ball
2-2: Ground out 4-3 (Groundball, 4)
Batting: RHB Albert Lutz 0-0: SINGLE (Line Drive, 9S)
Batting: RHB Germano Labrego 0-0: Called Strike
Albert Lutz steals 2nd base
0-1: Hit by Pitch
Batting: LHB John Hudson 0-0: Ball
1-0: Called Strike
1-1: Ball
2-1: Fielders Choice at 2nd, 3-6 (Groundball, 34)
Albert Lutz to third
Batting: RHB Carl Brown 0-0: Ball
1-0: Called Strike
1-1: Ball
2-1: Ball
3-1: Swinging Strike
3-2: Foul Ball, location: 2F
3-2: Base on Balls
John Hudson to second
Batting: LHB Marcos Vargas 0-0: Ball
1-0: Foul Ball, location: 2F
1-1: Ball
Wild Pitch!
Albert Lutz scores
John Hudson to third
Carl Brown to second
2-1: Ball
3-1: Swinging Strike
3-2: Base on Balls
Batting: RHB José Ortega 0-0: Swinging Strike
0-1: Ball
1-1: Called Strike
1-2: Fielders Choice at 2nd, 5-4 (Groundball, 5)
Top of the 1st over - 1 run(s), 1 hit(s), 0 error(s), 2 left on base; Allentown 1 - Trenton 0
BOTTOM OF THE 1ST
Trenton Stars batting - Pitching for Allentown Hillbillies : RHP Carlos García
Pitching: RHP Carlos García
Batting: SHB Nick Marshall 0-0: Swinging Strike
0-1: Ball
1-1: Ball
2-1: Ball
3-1: Called Strike
3-2: Strikes out swinging
Batting: RHB Jesús Dávila 0-0: Ground out 5-3 (Groundball, 56S)
Batting: RHB Ken McDonald 0-0: Ball
1-0: Called Strike
1-1: Ball
2-1: Ball
3-1: Base on Balls
Batting: LHB Ricardo Brandariz 0-0: Ball
1-0: Foul Ball, location: 2F
1-1: SINGLE (Groundball, 4MD)
Ken McDonald to second
Runner from 2nd tries for 3rd, SAFE, throw made to third
Batting: RHB Randy Simons 0-0: Called Strike
0-1: Ball
1-1: Ball
2-1: Foul Ball, location: 2F
2-2: Ball
3-2: Strikes out looking
Bottom of the 1st over - 0 run(s), 1 hit(s), 0 error(s), 2 left on base; Allentown 1 - Trenton 0
TOP OF THE 2ND
Allentown Hillbillies batting - Pitching for Trenton Stars : RHP Juan Vázquez
Batting: RHB Dan Banks 0-0: Called Strike
0-1: Ball
1-1: Foul Ball, location: 2F
1-2: Ground out 6-3 (Groundball, 6)
Batting: RHB Von Ford 0-0: Ball
1-0: Fly out, F9 (Flyball, 9S)
Batting: LHB António Salazar 0-0: Ball
1-0: Foul Ball, location: 2F
1-1: Ball
2-1: Called Strike
2-2: Ball
3-2: Base on Balls
Batting: RHB Albert Lutz 0-0: Ball
António Salazar is caught stealing 2nd base
Top of the 2nd over - 0 run(s), 0 hit(s), 0 error(s), 0 left on base; Allentown 1 - Trenton 0
BOTTOM OF THE 2ND
Trenton Stars batting - Pitching for Allentown Hillbillies : RHP Carlos García
Batting: RHB Rafael Canales 0-0: Foul Ball, location: 2F
0-1: DOUBLE (Flyball, 9D)
Batting: RHB Clancy Booker 0-0: Ball
1-0: Ball
2-0: Swinging Strike
2-1: Called Strike
2-2: Ball
3-2: Fly out, F5 (Line Drive, 5)
Batting: RHB Aaron Washington 0-0: Ball
1-0: Ball
2-0: Ball
3-0: Swinging Strike
3-1: Foul Ball, location: 2F
3-2: Base on Balls
Batting: RHB Kenji Murayama 0-0: Ball
1-0: Ball
2-0: Called Strike
2-1: Foul Ball, location: 2F
2-2: Ball
3-2: Base on Balls
Rafael Canales to third
Aaron Washington to second
Batting: SHB Nick Marshall 0-0: Fly out, F8 (Flyball, 8LM)
Runner from 3rd tags up, SCORES, throw made
Batting: RHB Jesús Dávila 0-0: Called Strike
0-1: SINGLE (Groundball, 5D)
Aaron Washington to third
Kenji Murayama to second
Runner from 3rd tries for Home, SAFE, no throw
Batting: RHB Ken McDonald 0-0: Ball
1-0: Foul Ball, location: 2F
1-1: Ball
2-1: Foul Ball, location: 2F
2-2: Foul Ball, location: 2F
2-2: Foul Ball, location: 2F
2-2: Ground out 5-3 (Groundball, 56S)
Bottom of the 2nd over - 2 run(s), 2 hit(s), 0 error(s), 2 left on base; Allentown 1 - Trenton 2
TOP OF THE 3RD
Allentown Hillbillies batting - Pitching for Trenton Stars : RHP Juan Vázquez
Batting: RHB Albert Lutz 0-0: Called Strike
0-1: Ball
1-1: Ball
2-1: Fly out, F8 (Line Drive, 78M)
Batting: RHB Germano Labrego 0-0: Swinging Strike
0-1: Ball
1-1: DOUBLE (Line Drive, 7LM)
Batting: LHB John Hudson 0-0: Called Strike
0-1: Ball
1-1: Ball
Wild Pitch!
Germano Labrego to third
2-1: Ball
3-1: Base on Balls
Batting: RHB Carl Brown 0-0: Ball
1-0: Ball
2-0: Called Strike
2-1: Called Strike
2-2: Ball
3-2: Foul Ball, location: 2F
3-2: Base on Balls
John Hudson to second
Batting: LHB Marcos Vargas 0-0: Called Strike
0-1: Ball
1-1: Foul Ball, location: 2F
1-2: Ball
Wild Pitch!
Germano Labrego scores
John Hudson to third
Carl Brown to second
2-2: Ground out 4-3 (Groundball, 4M)
John Hudson scores
Carl Brown to third
Batting: RHB José Ortega 0-0: Ball
1-0: Ball
2-0: Called Strike
2-1: Ball
3-1: Foul Ball, location: 2F
3-2: Base on Balls
Batting: RHB Dan Banks 0-0: Ball
1-0: Ball
2-0: Foul Ball, location: 2F
2-1: Foul Ball, location: 2F
2-2: Foul Ball, location: 2F
2-2: Foul Ball, location: 2F
2-2: Ball
3-2: Fly out, F9 (Flyball, 9LMF)
Top of the 3rd over - 2 run(s), 1 hit(s), 0 error(s), 2 left on base; Allentown 3 - Trenton 2
BOTTOM OF THE 3RD
Trenton Stars batting - Pitching for Allentown Hillbillies : RHP Carlos García
Batting: LHB Ricardo Brandariz 0-0: Ball
1-0: DOUBLE (Line Drive, 9LD)
Batting: RHB Randy Simons 0-0: Called Strike
0-1: Foul Ball, location: 2F
0-2: Ball
1-2: Ball
2-2: Ball
3-2: Base on Balls
Batting: RHB Rafael Canales 0-0: Ball
1-0: Ball
2-0: Ball
3-0: Called Strike
3-1: Called Strike
3-2: Ground out 5-3 (Groundball, 56)
Ricardo Brandariz to third
Randy Simons to second
Batting: RHB Clancy Booker 0-0: Ball
1-0: Fly out, F9 (Flyball, 9)
Runner from 3rd tags up, SCORES, throw made
Batting: RHB Aaron Washington 0-0: Swinging Strike
0-1: Foul Ball, location: 2F
0-2: Ball
1-2: Ground out 4-3 (Groundball, 4)
Bottom of the 3rd over - 1 run(s), 1 hit(s), 0 error(s), 1 left on base; Allentown 3 - Trenton 3
TOP OF THE 4TH
Allentown Hillbillies batting - Pitching for Trenton Stars : RHP Juan Vázquez
Batting: RHB Von Ford 0-0: Ball
1-0: Called Strike
1-1: Foul Ball, location: 2F
1-2: Strikes out swinging
Batting: LHB António Salazar 0-0: Swinging Strike
0-1: Ball
1-1: Called Strike
1-2: Foul Ball, location: 2F
1-2: Hit by Pitch
Pitching: RHP Bartolo Rodríguez
Batting: RHB Albert Lutz 0-0: Ball
1-0: Fly out, F8 (Flyball, 78D)
Batting: RHB Germano Labrego 0-0: Called Strike
0-1: Foul Ball, location: 2F
0-2: Ball
1-2: Foul Ball, location: 2F
1-2: Ball
2-2: Foul Ball, location: 2F
2-2: Fielders Choice at 2nd, 6-4 (Groundball, 6)
Top of the 4th over - 0 run(s), 0 hit(s), 0 error(s), 0 left on base; Allentown 3 - Trenton 3
BOTTOM OF THE 4TH
Trenton Stars batting - Pitching for Allentown Hillbillies : RHP Carlos García
Batting: RHB Kenji Murayama 0-0: Foul Ball, location: 2F
0-1: Swinging Strike
0-2: Ball
1-2: Strikes out swinging
Batting: SHB Nick Marshall 0-0: Ground out 4-3 (Groundball, 4)
Batting: RHB Jesús Dávila 0-0: Ground out 6-3 (Groundball, 6S)
Bottom of the 4th over - 0 run(s), 0 hit(s), 0 error(s), 0 left on base; Allentown 3 - Trenton 3
TOP OF THE 5TH
Allentown Hillbillies batting - Pitching for Trenton Stars : RHP Bartolo Rodríguez
Batting: LHB John Hudson 0-0: Ball
1-0: Swinging Strike
1-1: Foul Ball, location: 2F
1-2: Ball
2-2: Ground out 4-3 (Groundball, 4D)
Batting: RHB Carl Brown 0-0: Ball
1-0: Ball
2-0: Swinging Strike
2-1: Foul Ball, location: 2F
2-2: Foul Ball, location: 2F
2-2: Ground out 4-3 (Groundball, 4)
Batting: LHB Marcos Vargas 0-0: Called Strike
0-1: Foul Ball, location: 2F
0-2: Ball
1-2: Ball
2-2: Fly out, F8 (Flyball, 8RM)
Top of the 5th over - 0 run(s), 0 hit(s), 0 error(s), 0 left on base; Allentown 3 - Trenton 3
BOTTOM OF THE 5TH
Trenton Stars batting - Pitching for Allentown Hillbillies : RHP Carlos García
Batting: RHB Ken McDonald 0-0: Ball
1-0: Ball
2-0: Ball
3-0: Called Strike
3-1: Fly out, F8 (Flyball, 78M)
Batting: LHB Ricardo Brandariz 0-0: Swinging Strike
0-1: Called Strike
0-2: Ground out 5-3 (Groundball, 56S)
Batting: RHB Randy Simons 0-0: Foul Ball, location: 2F
0-1: Foul Ball, location: 2F
0-2: Ball
1-2: Fly out, F4 (Line Drive, 4S)
Bottom of the 5th over - 0 run(s), 0 hit(s), 0 error(s), 0 left on base; Allentown 3 - Trenton 3
TOP OF THE 6TH
Allentown Hillbillies batting - Pitching for Trenton Stars : RHP Bartolo Rodríguez
Batting: RHB José Ortega 0-0: Called Strike
0-1: Ground out 4-3 (Groundball, 4M)
Batting: RHB Dan Banks 0-0: Ball
1-0: Ball
2-0: Foul Ball, location: 2F
2-1: Foul Ball, location: 2F
2-2: Strikes out swinging
Batting: RHB Von Ford 0-0: Foul Ball, location: 2F
0-1: Foul Ball, location: 2F
0-2: Ball
1-2: Ball
2-2: Ball
3-2: Base on Balls
Batting: LHB António Salazar Pickoff Throw to First - Error! E1
Von Ford to second
0-0: Ball
1-0: Called Strike
1-1: Ball
2-1: SINGLE (Line Drive, 6)
Von Ford to third
Runner from 3rd tries for Home, SAFE, no throw
Batting: RHB Albert Lutz 0-0: Ball
1-0: Foul Ball, location: 2F
1-1: Ball
2-1: Fielders Choice at 2nd, 5-4 (Groundball, 56)
Top of the 6th over - 1 run(s), 1 hit(s), 1 error(s), 0 left on base; Allentown 4 - Trenton 3
BOTTOM OF THE 6TH
Trenton Stars batting - Pitching for Allentown Hillbillies : RHP Carlos García
Pitching: LHP Nick Merrit
Batting: RHB Rafael Canales 0-0: Ball
1-0: Called Strike
1-1: SINGLE (Groundball, 6MD)
Batting: RHB Clancy Booker 0-0: Foul Ball, location: 2F
0-1: Foul Ball, location: 2F
0-2: Ball
1-2: Strikes out looking
Batting: RHB Aaron Washington 0-0: SINGLE (Flyball, 78S)
Rafael Canales to second
Batting: RHB Kenji Murayama 0-0: Ball
1-0: DOUBLE (Groundball, 5L)
Rafael Canales scores
Aaron Washington to third
Batting: SHB Nick Marshall 0-0: Ball
1-0: Ball
2-0: Called Strike
2-1: Foul Ball, location: 2F
2-2: Foul Ball, location: 2F
2-2: Foul Ball, location: 2F
2-2: Fly out, F4 (Line Drive, 4)
Batting: RHB Jesús Dávila 0-0: Called Strike
0-1: Called Strike
0-2: Ball
1-2: Ball
2-2: Strikes out swinging
Bottom of the 6th over - 1 run(s), 3 hit(s), 0 error(s), 2 left on base; Allentown 4 - Trenton 4
TOP OF THE 7TH
Allentown Hillbillies batting - Pitching for Trenton Stars : RHP Bartolo Rodríguez
Batting: RHB Germano Labrego 0-0: Called Strike
0-1: Ground out 5-3 (Groundball, 2L)
Batting: LHB John Hudson 0-0: Called Strike
0-1: Swinging Strike
0-2: Ball
1-2: SOLO HOME RUN (Flyball, 89XD), Distance : 401 ft
Pitching: RHP Tomás Pagán
Batting: RHB Carl Brown 0-0: Ball
1-0: Foul Ball, location: 2F
1-1: Called Strike
1-2: Ground out 5-3 (Groundball, 5)
Batting: LHB Marcos Vargas 0-0: Called Strike
0-1: Called Strike
0-2: Ball
1-2: Ball
2-2: Ball
3-2: Base on Balls
Batting: RHB José Ortega 0-0: Called Strike
0-1: Ball
1-1: Called Strike
1-2: Ball
2-2: Fielders Choice at 2nd, 4-6 (Groundball, 4)
Top of the 7th over - 1 run(s), 1 hit(s), 0 error(s), 0 left on base; Allentown 5 - Trenton 4
BOTTOM OF THE 7TH
Trenton Stars batting - Pitching for Allentown Hillbillies : LHP Nick Merrit
Batting: RHB Ken McDonald 0-0: SINGLE (Line Drive, 56D)
Batting: LHB Ricardo Brandariz 0-0: Ball
1-0: Swinging Strike
1-1: Foul Ball, location: 2F
1-2: Ball
2-2: Foul Ball, location: 2F
2-2: Ground out 4-3 (Groundball, 4)
Ken McDonald to second
Batting: RHB Randy Simons 0-0: Ball
1-0: Ball
2-0: Ball
3-0: Base on Balls
Batting: RHB Rafael Canales 0-0: Called Strike
0-1: Swinging Strike
0-2: Ball
1-2: Foul Ball, location: 2F
1-2: Foul Ball, location: 2F
1-2: Strikes out looking
Batting: RHB Clancy Booker 0-0: Called Strike
0-1: Called Strike
0-2: DOUBLE (Flyball, 8LXD)
Ken McDonald scores
Randy Simons to third
Runner from 3rd tries for Home, SAFE, no throw
Pitching: RHP Jorge Ruíz
Batting: RHB Aaron Washington 0-0: Swinging Strike
0-1: Called Strike
0-2: Ball
1-2: Ball
2-2: Ball
3-2: SINGLE (Groundball, 34D)
Clancy Booker to third
Clancy Booker scores
Batting: RHB Kenji Murayama 0-0: Called Strike
0-1: SINGLE (Line Drive, 7S)
Aaron Washington to second
Batting: SHB Nick Marshall 0-0: Ball
1-0: Ball
2-0: Ball
3-0: Base on Balls
Aaron Washington to third
Kenji Murayama to second
Batting: RHB Jesús Dávila 0-0: Called Strike
0-1: SINGLE (Line Drive, 7LM)
Aaron Washington scores
Kenji Murayama to third
Nick Marshall to second
Runner from 3rd tries for Home, SAFE, no throw
Pitching: LHP Dan Rogers
Batting: RHB Ken McDonald 0-0: Ball
1-0: SINGLE (Line Drive, 7S)
Nick Marshall to third
Jesús Dávila to second
Runner from 3rd tries for Home, SAFE, no throw
Batting: LHB Ricardo Brandariz 0-0: Ball
1-0: Swinging Strike
1-1: Ball
2-1: Ball
3-1: SINGLE (Line Drive, 89M)
Jesús Dávila to third
Ken McDonald to second
Runner from 3rd tries for Home, SAFE, no throw
Batting: RHB Randy Simons 0-0: Ball
1-0: Foul Ball, location: 2F
1-1: Ball
2-1: Called Strike
2-2: Ball
3-2: Base on Balls
Ken McDonald to third
Ricardo Brandariz to second
Batting: RHB Rafael Canales 0-0: Ball
1-0: SINGLE (Line Drive, 89M)
Ken McDonald scores
Ricardo Brandariz to third
Randy Simons to second
Runner from 3rd tries for Home, SAFE, throw made at trailing runner, SAFE at third!
Batting: RHB Clancy Booker 0-0: Called Strike
0-1: Called Strike
0-2: Strikes out swinging
Bottom of the 7th over - 9 run(s), 8 hit(s), 0 error(s), 2 left on base; Allentown 5 - Trenton 13
TOP OF THE 8TH
Allentown Hillbillies batting - Pitching for Trenton Stars : RHP Tomás Pagán
Batting: RHB Dan Banks 0-0: Called Strike
0-1: Foul Ball, location: 2F
0-2: Ground out 6-3 (Groundball, 6M)
Batting: RHB Von Ford 0-0: Called Strike
0-1: Swinging Strike
0-2: Ball
1-2: Ball
2-2: Foul Ball, location: 2F
2-2: Foul Ball, location: 2F
2-2: Ball
3-2: Foul Ball, location: 2F
3-2: Foul Ball, location: 2F
3-2: Base on Balls
Batting: LHB António Salazar 0-0: Ball
1-0: Foul Ball, location: 2F
1-1: Ball
2-1: Swinging Strike
2-2: SINGLE (Line Drive, 8LS)
Von Ford to second
Batting: RHB Albert Lutz 0-0: Called Strike
0-1: Ball
1-1: Ball
2-1: Fly out, F3 (Popup, 3L)
Batting: RHB Germano Labrego 0-0: Called Strike
0-1: Swinging Strike
0-2: Foul Ball, location: 2F
0-2: Strikes out swinging
Top of the 8th over - 0 run(s), 1 hit(s), 0 error(s), 2 left on base; Allentown 5 - Trenton 13
BOTTOM OF THE 8TH
Trenton Stars batting - Pitching for Allentown Hillbillies : LHP Dan Rogers
Batting: RHB Aaron Washington 0-0: Called Strike
0-1: Ball
1-1: Ball
2-1: Foul Ball, location: 2F
2-2: Strikes out swinging
Batting: RHB Kenji Murayama 0-0: Ball
1-0: Called Strike
1-1: Swinging Strike
1-2: Strikes out swinging
Batting: SHB Nick Marshall 0-0: Fly out, F8 (Flyball, 8RM)
Bottom of the 8th over - 0 run(s), 0 hit(s), 0 error(s), 0 left on base; Allentown 5 - Trenton 13
TOP OF THE 9TH
Allentown Hillbillies batting - Pitching for Trenton Stars : RHP Tomás Pagán
Batting: LHB John Hudson 0-0: Called Strike
0-1: Ball
1-1: Swinging Strike
1-2: Foul Ball, location: 2F
1-2: Strikes out swinging
Batting: RHB Carl Brown 0-0: SINGLE (Groundball, 3D)
Batting: LHB Marcos Vargas 0-0: Fly out, F8 (Flyball, 8RS)
Batting: RHB José Ortega 0-0: Fly out, F8 (Flyball, 8RS)
Top of the 9th over - 0 run(s), 1 hit(s), 0 error(s), 1 left on base; Allentown 5 - Trenton 13
Tuesday, August 8th, 2017 - OOTP Baseball 17.12 Build 75